AoeStats
← RueTang90

Arena

509522941Analyzed
3v3 RM · 5d ago on Sep 27, 2026· 46m 0s· 6 players
Game mode
Random Map
Map size
Normal (6 player)
Population
200
Speed
Normal
Resources
Standard
Victory
Conquest
Starting age
Dark Age
Ending age
Imperial Age
RankedLock teamsTeams togetherTeam positionsShared explorationLock speedFull tech treeHidden civsTurbo modeCheats
Victory
Defeat
🇺🇸 Burgundians · United States
1008
+16
🇺🇸 Romans · United States
985
+17
🇨🇦 Franks · Canada
904
+19
🇺🇸 Danes · United States
1048
-20
🇺🇸 Japanese · United States
1012
-18
🇺🇸 Goths · United States
924
-14
DigitalTwelve
10:37 Feudal Age
15:23 Castle Age
14:46 Double-Bit Axe
15:04 Loom
17:27 Forging
18:58 Squires
18:44 Arson
19:50 Horse Collar
22:58 Bow Saw
24:15 Iron Casting
24:33 Wheelbarrow
25:27 Scale Mail Armor
28:58 Hand Cart
30:51 Heavy Plow
30:42 Fletching
32:18 Chain Mail Armor
36:08 Imperial Age
35:40 Pikeman
36:32 Halberdier
HammeredLad
6:09 Loom
10:37 Feudal Age
11:47 Double-Bit Axe
12:19 Town Watch
18:10 Castle Age
17:11 Scale Mail Armor
17:17 Scale Mail Armor
17:30 Horse Collar
28:03 Squires
29:37 Heavy Plow
34:47 Anarchy
42:30 Pikeman
44:22 Gold Mining
DigitalSixteen
10:03 Feudal Age
14:18 Castle Age
13:08 Double-Bit Axe
13:37 Horse Collar
16:23 Bow Saw
21:16 Heavy Plow
23:00 Wheelbarrow
22:10 Loom
22:37 Town Watch
23:04 Gold Mining
24:21 Hand Cart
29:00 Imperial Age
26:40 Scale Mail Armor
26:51 Forging
26:31 Fletching
27:16 Caravan
28:34 Gold Shaft Mining
27:50 Stone Mining
28:39 Bodkin Arrow
28:59 Chain Mail Armor
29:20 Iron Casting
29:00 Masonry
29:11 Ballistics
28:45 Pikeman
29:26 Squires
31:17 Chemistry
29:43 Onager
29:44 Capped Ram
31:08 Siege Onager
31:14 Halberdier
34:29 Stone Shaft Mining
34:06 Gambesons
34:07 Arson
34:16 Siege Ram
35:35 Plate Mail Armor
36:06 Blast Furnace
35:07 Bracer
35:25 Northmen's Fury
38:39 Conscription
37:41 Hamask
40:09 Padded Archer Armor
40:15 Scale Barding Armor
41:58 Hoardings
42:21 Town Patrol
43:09 Coinage
44:24 Leather Archer Armor
RueTang90
7:50 Loom
9:58 Feudal Age
9:47 Double-Bit Axe
17:55 Castle Age
17:15 Fletching
19:04 Bodkin Arrow
19:42 Gold Mining
21:13 Scale Barding Armor
21:20 Forging
24:30 Horse Collar
28:19 Masonry
33:20 Bow Saw
39:09 Gold Shaft Mining
41:05 Wheelbarrow
40:36 Husbandry
40:51 Heavy Plow
42:18 Chain Barding Armor
41:53 Cavalier
46:22 Imperial Age
46:04 Scale Mail Armor
46:39 Iron Casting
46:13 Squires
45:34 Man-at-Arms
Sonhero1
1:56 Loom
10:16 Feudal Age
11:30 Horse Collar
16:01 Castle Age
14:43 Double-Bit Axe
15:45 Gold Mining
15:51 Stone Mining
19:54 Bow Saw
20:53 Wheelbarrow
21:48 Gold Mining
23:23 Hand Cart
22:34 Man-at-Arms
23:54 Heavy Plow
25:01 Town Watch
27:22 Forging
27:16 Scale Mail Armor
28:16 Scale Barding Armor
28:47 Iron Casting
27:36 Long Swordsman
28:16 Squires
29:37 Husbandry
33:53 Imperial Age
31:58 Ballistics
32:00 Town Patrol
32:40 Gold Shaft Mining
33:06 Chain Barding Armor
33:01 Chain Mail Armor
34:21 Caravan
34:00 Heavy Scorpion
35:42 Chemistry
35:59 Plate Barding Armor
35:39 Chain Mail Armor
36:24 Blast Furnace
36:41 Guilds
38:32 Bloodlines
38:56 Conscription
38:49 Cavalier
42:05 Blast Furnace
41:15 Pikeman
42:43 Comitatenses
42:37 Ballistas
43:44 Comitatenses
46:12 Crop Rotation
AB14
11:35 Feudal Age
13:38 Double-Bit Axe
13:54 Double-Bit Axe
16:39 Castle Age
17:51 Bow Saw
19:16 Gold Mining
26:51 Forging
26:46 Scale Barding Armor
28:59 Iron Casting
28:45 Chain Barding Armor
31:13 Gold Shaft Mining
30:28 Stone Mining
33:59 Imperial Age
33:42 Husbandry
33:45 Fletching
33:56 Padded Archer Armor
33:50 Elite Skirmisher
36:07 Blast Furnace
35:42 Plate Barding Armor
37:51 Ordonnance Companies
37:53 Elite Throwing Axeman
39:10 Light Cavalry
39:10 Cavalier
39:49 Bodkin Arrow
40:37 Conscription
40:43 Paladin
46:00 Ballistics
46:41 Chemistry
Connection lost

Rejoining the realm…

Still unreachable

The connection could not be restored.

Session expired

The server has moved on; the page needs a fresh start.